 Dungeon Crawl Stone Soup version 0.28-a0-1486-g8196b01e9b (console) character file.

Game seed: 17520767454696237842

44 Banquo the Chopper (level 3, -1/33 HPs)
             Began as a Hill Orc Cinder Acolyte on Jan 12, 2022.
             Was a High Priest of Ignis.
             Slain by a gnoll (9 damage)
             ... on level 2 of the Dungeon.
             The game lasted 00:03:21 (1860 turns).

Banquo the Chopper (Hill Orc Cinder Acolyte)        Turns: 1860, Time: 00:03:22

Health: -1/33      AC:  5    Str: 18    XL:     3   Next: 62%
Magic:  4/4        EV: 10    Int: 14    God:    Ignis [*****.]
Gold:   76         SH:  0    Dex:  6    Spells: 4/4 levels left

rFire   + . .      SeeInvis .   a - -1 hand axe (flame)
rCold   . . .      Faith    .   (no shield)
rNeg    . . .      Spirit   .   e - +0 ring mail
rPois   .          Reflect  .   (no helmet)
rElec   .          Harm     .   (no cloak)
rCorr   .          Rampage  .   (no gloves)
Will    .....                   (no boots)
Stlth   ..........              (no amulet)
HPRegen 0.11/turn               (no ring)
MPRegen 0.09/turn               (no ring)

@: no status effects
A: no striking features
a: Renounce Religion, Fiery Armour, Foxfire Swarm, Rising Flame


You were on level 2 of the Dungeon.
You worshipped Ignis.
Ignis was extremely pleased with you.
You visited 1 branch of the dungeon, and saw 2 of its levels.

You collected 76 gold pieces.

Inventory:

Hand Weapons
 a - a -1 hand axe of flaming (weapon)
 f - a +0 hand axe
 g - a +0 spear
 h - a +0 whip
Missiles
 d - 6 poisoned darts (quivered)
 i - 25 stones
Armour
 b - a +0 robe
 e - a +0 ring mail (worn)
Scrolls
 c - a scroll of teleportation {unknown}
 j - a scroll of fear {unknown}
 k - a scroll of noise {unknown}


   Skills:
 + Level 4.2 Fighting
 * Level 5.3 Axes
 + Level 0.6 Armour
 + Level 0.2 Dodging
 - Level 1.0 Spellcasting
 - Level 3.2 Fire Magic


You had 4 spell levels left.
You didn't know any spells.
Your spell library contained the following spells:

 Spells                   Type           Power      Damage    Failure   Level
 Scorch                   Fire           18%        2d5       19%         2


Dungeon Overview and Level Annotations

Branches:
Dungeon (2/15)

Altars:


Message History

You now have 65 gold pieces (gained 2).
You now have 76 gold pieces (gained 11).
Found an escape hatch in the floor.
A goblin comes into view. It is wielding a +0 club.
The goblin shouts!
The goblin barely misses you.
You hit the goblin. You burn the goblin.
The goblin is heavily wounded.
The goblin hits you but does no damage.
You hit the goblin. You burn the goblin.
You kill the goblin!
No target in view!
k - a scroll labelled YNYRAO XIEDETOD A goblin comes into view.
It is wielding a +0 dagger.
A gnoll comes into view. It is wielding a +0 mace.
You hit the goblin but do no damage.
A gnoll comes into view. It is wielding a +0 flail.
The goblin closely misses you.
You closely miss the goblin. The goblin hits you but does no damage.
The goblin hits you but does no damage.
You barely miss the gnoll. The gnoll hits you with a +0 mace.
You barely miss the gnoll. The gnoll misses you.
You closely miss the gnoll. Your punch misses the gnoll. You hit the goblin.
You burn the goblin.
You kill the goblin!
The gnoll closely misses you.
You hit the gnoll. You burn the gnoll.
The gnoll is moderately wounded.
You completely miss the gnoll. You closely miss the gnoll.
The gnoll hits you but does no damage. The gnoll hits you with a +0 flail.
You barely miss the gnoll. You hit the gnoll. You burn the gnoll.
The gnoll hits you but does no damage. The gnoll hits you with a +0 flail.
You barely miss the gnoll. You closely miss the gnoll.
The gnoll barely misses you. The gnoll hits you with a +0 flail.
The gnoll hits you with a +0 mace!
* * * LOW HITPOINT WARNING * * *
You hit the gnoll. You burn the gnoll.
The gnoll is heavily wounded.
You hit the gnoll but do no damage. The gnoll hits you with a +0 flail!
You die...

#........#...
#........##.#
######........##.#
#..............#.#
#..............#.#
#............g.#.#
#....>...#####...#
#........######g.##
##########....@g..#
#......>.# #........#
######........###########
#....'..................#
#.####........#########.#
#.# #..........# #.# #.#
#####....#.# #.# #.#
#######.# #.#


You could see 2 gnolls.

Vanquished Creatures
  A gnoll (D:1)
  A worm (D:2)
  A dart slug (D:1)
  4 ball pythons (D:1)
  3 goblins
  4 hobgoblins (D:1)
  4 jackals (D:1)
  A quokka (D:1)
  A bat (D:1)
  2 frilled lizards (D:1)
  A kobold (D:1)
  6 rats (D:1)
29 creatures vanquished.

Notes
Turn   | Place    | Note
-------+----------+-------------------------------------------
     0 | D:1      | Banquo the Hill Orc Cinder Acolyte began the quest for the
                  | Orb.
     0 | D:1      | Reached XP level 1. HP: 19/19 MP: 2/2
   319 | D:1      | Reached XP level 2. HP: 27/27 MP: 3/3
   707 | D:1      | Reached XP level 3. HP: 23/33 MP: 4/4
   827 | D:1      | Reached skill level 5 in Axes
  1860 | D:2      | Slain by a gnoll

Illustrated notes

Levels and vault maps discovered:
D:1:      beargit_arrival_greenhouse, layout_basic, minmay_tree_intersection
D:2:      layout_basic, nrook_campfire

Skill      XL: |  1  2  3 |
---------------+----------+-----
Fighting       | 4 |  4.2
Axes           | 5 |  5.3
Armour         | |  0.6
Dodging        | |  0.2
Spellcasting   | |  1.0
Fire Magic     | |  3.2

Action                   || total
-------------------------++-------
Melee: Hand axe          ||   121
       Punch             ||     1
Armor: Ring mail         ||    39
Dodge: Dodged            ||    53

Table legend: (Time is in decaauts)
 A = Elapsed time spent in this place.
 B = Non-inter-level travel time spent in this place.
 C = Inter-level travel time spent in this place.
 D = Time resting spent in this place.
 E = Time spent auto-exploring this place.
 F = Levels seen in this place.
 G = Mean time per level.
                   A        B        C        D        E       F      G
               +--------+--------+--------+--------+--------+-----+--------+
         Total |   1869 |   1641 |    228 |    214 |   1125 |   2 |  934.5 |
       Dungeon |   1869 |   1641 |    228 |    214 |   1125 |   2 |  934.5 |
               +--------+--------+--------+--------+--------+-----+--------+

Top non-repeatable levels by time:
     D:1: 1490 daAuts
     D:2: 379 daAuts
